Map: Magannatha LE

Players

Core - Winner!

  • Race: Protoss Protoss
  • League: Gold
  • Spawn Location: 5:00

LigerMaNN

  • Race: Zerg Zerg
  • League: Diamond
  • Spawn Location: 11:00

VOD

Have the link to the VOD?

Description

Time

  • Played on: July 3, 2025, 10:10 p.m.
  • Length: 11:20
Show
View Real Time Build Order
Export as new Build Order

Core Protoss - Winner!

Build Orders: 1 Gate Expand, Oracle Opening, Chargelot Immortal 

Get SALT Encoding   

  12  0:00  Probe  
  13  0:12  Probe  
  14  0:21  Pylon  
  14  0:24  Probe  
  15  0:37  Probe  
  15  0:41  Gateway  
  16  0:45  Probe  
  17  0:50  Assimilator  
  17  0:53  Probe  
  17  1:03  Probe  
  19  1:11  Probe  
  20  1:19  Probe  
  21  1:31  Probe  
  22  1:43  Probe  
  22  1:44  Nexus  
  23  1:58  Cybernetics Core  
  23  2:01  Pylon  
  23  2:19  Probe, Zealot  
  23  2:20  Assimilator  
  26  2:27  Probe  
  26  2:32  Pylon  
  26  2:35  Probe  
  27  2:37  Warp Gate  
  27  2:39  Stalker  
  28  2:45  Probe  
  31  2:56  Stargate  
  31  2:57  Probe  
  32  2:59  Probe  
  33  3:10  Probe  
  33  3:11  Probe  
  35  3:22  Probe  
  35  3:23  Probe, Zealot  
  39  3:34  Oracle, Probe  
  40  3:35  Probe  
  41  3:42  Nexus  
  41  3:46  Probe  
  41  3:47  Probe  
  46  3:55  Pylon  
  46  3:58  Probe  
  46  3:59  Probe  
  48  4:05  Gateway x2  
  48  4:10  Probe  
  48  4:13  Twilight Council  
  49  4:20  Pylon  
  49  4:22  Probe x2  
  51  4:24  Assimilator  
  51  4:31  Zealot  
  49  4:42  Oracle  
  48  4:55  Charge  
  48  4:58  Gateway  
  48  5:00  Zealot  
  48  5:03  Probe x2  
  52  5:13  Forge  
  52  5:15  Probe  
  52  5:16  Probe  
  52  5:18  Gateway  
  52  5:20  Gateway  
  54  5:22  Pylon  
  54  5:24  Shield Battery  
  54  5:25  Probe  
  54  5:26  Protoss Ground Weapons Level 1  
  54  5:27  Probe  
  54  5:28  Probe  
  57  5:37  Probe  
  57  5:40  Probe x2, Stalker  
  57  5:41  Stalker  
  57  5:42  Assimilator  
  64  5:43  Zealot  
  64  5:49  Probe  
  67  5:52  Probe x2  
  69  6:01  Probe  
  69  6:04  Probe x2  
  72  6:13  Probe  
  72  6:16  Probe x2  
  75  6:19  Oracle  
  75  6:23  Stalker x3  
  84  6:25  Probe  
  84  6:30  Pylon  
  84  6:32  Pylon  
  85  6:34  Pylon  
  85  6:48  Probe x2  
  85  6:50  Probe  
  85  6:53  Zealot x6  
  100  7:00  Probe  
  101  7:03  Probe  
  102  7:12  Probe  
  103  7:24  Probe  
  104  7:34  Stalker x2  
  108  7:45  Robotics Facility  
  108  7:48  Robotics Facility  
  108  7:54  Pylon  
  108  7:55  Pylon x2  
  108  7:57  Pylon  
  108  7:58  Pylon  
  108  8:07  Assimilator  
  108  8:08  Assimilator  
  108  8:09  Protoss Ground Weapons Level 2  
  108  8:14  Photon Cannon  
  108  8:15  Stalker x5, Photon Cannon  
  108  8:16  Stalker  
  108  8:18  Photon Cannon  
  108  8:19  Shield Battery  
  120  8:31  Blink  
  120  8:43  Pylon  
  120  8:44  Forge  
  120  8:46  Immortal x2  
  120  9:01  Protoss Ground Armor Level 1  
  128  9:02  Stalker x2  
  128  9:03  Stalker x4  
  140  9:15  Immortal x2  
  140  9:24  Pylon  
  140  9:26  Pylon  
  140  9:28  Pylon  
  140  9:31  Stalker, Zealot x2  
  150  9:32  Zealot  
  156  9:46  Zealot x2  
  160  10:00  Stalker  
  160  10:01  Stalker x3  
  168  10:08  Templar Archives  
  168  10:11  Fleet Beacon  
  168  10:12  Robotics Bay  
  134  10:55  Stalker x5  
  134  10:56  Stalker  
  133  11:18  Zealot x2  
  133  11:19  Zealot x2  
Show
View Real Time Build Order
Export as new Build Order

LigerMaNN Zerg 

Build Orders: Hatch First, Roach Hydra 

Get SALT Encoding   

  12  0:01  Drone  
  13  0:12  Overlord  
  13  0:16  Drone  
  14  0:31  Drone x2  
  16  0:47  Drone  
  17  0:51  Hatchery  
  17  0:54  Drone  
  17  0:57  Drone  
  18  1:09  Extractor  
  17  1:14  Spawning Pool  
  17  1:17  Drone  
  17  1:22  Drone  
  18  1:28  Drone  
  19  1:43  Drone  
  20  1:56  Drone  
  21  2:04  Overlord  
  21  2:06  Zergling x2, Queen x2  
  26  2:17  Metabolic Boost  
  26  2:28  Drone  
  27  2:35  Hatchery  
  27  2:37  Drone  
  27  2:39  Drone  
  28  2:46  Drone x2  
  28  2:47  Drone  
  31  3:00  Baneling Nest  
  31  3:02  Drone x2  
  31  3:03  Drone  
  33  3:11  Zergling x6  
  36  3:19  Overlord  
  36  3:25  Overlord  
  36  3:42  Queen  
  36  3:45  Zergling x10  
  36  3:46  Overlord  
  43  3:57  Baneling x6  
  43  4:01  Zergling x10  
  48  4:15  Zergling x8  
  43  4:41  Drone x11  
  43  4:45  Spore Crawler  
  49  4:49  Overlord x3  
  44  4:55  Spore Crawler  
  43  5:00  Spore Crawler  
  43  5:05  Drone x3, Extractor  
  43  5:06  Extractor  
  43  5:12  Overlord x3  
  45  5:15  Lair  
  45  5:18  Evolution Chamber  
  44  5:22  Drone x4  
  44  5:23  Drone  
  44  5:25  Drone  
  44  5:27  Drone  
  51  5:29  Drone  
  52  5:37  Extractor  
  52  5:38  Drone x3, Extractor  
  52  5:39  Drone x2  
  52  5:40  Drone  
  56  5:48  Drone  
  56  5:49  Overlord x2  
  57  5:51  Zerg Missile Weapons Level 1  
  57  6:10  Roach Warren  
  55  6:16  Drone x2  
  55  6:18  Drone x15  
  70  6:19  Drone  
  70  6:22  Extractor  
  70  6:23  Extractor  
  71  6:29  Extractor  
  70  6:33  Drone  
  70  6:34  Overlord x3  
  71  6:43  Queen  
  73  6:53  Hatchery  
  72  6:55  Roach x3  
  72  6:57  Hatchery  
  72  7:01  Glial Reconstitution  
  77  7:02  Hydralisk Den  
  72  7:12  Roach x7  
  72  7:14  Roach  
  83  7:27  Roach x3  
  83  7:28  Roach x2  
  92  7:38  Queen  
  92  7:39  Queen  
  96  7:45  Muscular Augments  
  96  7:51  Zerg Missile Weapons Level 2  
  96  7:54  Drone x4  
  100  8:04  Overseer  
  100  8:13  Drone x3  
  100  8:14  Drone, Extractor x2  
  100  8:15  Drone x2  
  100  8:18  Spore Crawler  
  103  8:28  Hydralisk x4  
  103  8:31  Overlord x3  
  111  8:35  Pneumatized Carapace  
  111  8:49  Grooved Spines  
  111  9:06  Hydralisk x9  
  129  9:16  Hatchery  
  128  9:31  Hatchery  
  127  9:34  Roach x4  
  127  9:36  Overlord x5  
  135  9:46  Overlord x4  
  135  9:53  Queen  
  137  10:04  Overlord x2  
  137  10:05  Hydralisk x3  
  143  10:13  Infestation Pit  
  132  10:22  Hydralisk x8  
  132  10:25  Roach  
  120  10:56  Hydralisk  
Tags
 
Add a new tag
Caveats
  • Supply blocks, unpowered buildings, or Contaminate may cause inaccurate times.
  • Supply counts are checked every 10 seconds.